Map: Odyssey LE

Players

IlIlIlIlIlIl

  • Race: Zerg Zerg
  • League: Grandmaster
  • Spawn Location: 11:00

PtitDrogo - Winner!

  • Race: Protoss Protoss
  • League: Grandmaster
  • Spawn Location: 5:00

VOD

Have the link to the VOD?

Description

Time

  • Played on: Dec. 14, 2017, 5:53 p.m.
  • Length: 10:27
Show
View Real Time Build Order
Export as new Build Order

IlIlIlIlIlIl Zerg 

Build Orders: Hatch First 

Get SALT Encoding   

  12  0:00  Drone  
  13  0:12  Overlord  
  13  0:16  Drone  
  14  0:30  Drone  
  14  0:31  Drone  
  16  0:38  Drone  
  17  0:52  Hatchery  
  17  0:56  Drone  
  17  1:00  Drone  
  18  1:11  Extractor  
  17  1:15  Spawning Pool  
  17  1:17  Drone  
  17  1:19  Drone  
  18  1:31  Overlord  
  18  1:39  Drone  
  19  1:55  Drone  
  20  2:02  Queen  
  20  2:03  Queen, Zergling x2  
  20  2:04  Zergling x2  
  26  2:11  Metabolic Boost  
  26  2:13  Drone  
  27  2:16  Drone  
  28  2:25  Drone x2  
  30  2:39  Hatchery  
  30  2:42  Drone x2  
  31  2:50  Zergling x4  
  33  2:56  Zergling x2  
  34  3:00  Overlord  
  34  3:01  Queen  
  34  3:05  Overlord  
  36  3:11  Overlord  
  36  3:21  Zergling x2  
  36  3:24  Drone x5  
  36  3:25  Drone  
  43  3:32  Drone  
  43  3:35  Drone  
  44  3:41  Queen  
  44  3:44  Drone x4  
  44  3:47  Overlord  
  50  3:52  Drone x2  
  50  3:55  Drone x2  
  53  4:12  Queen  
  53  4:15  Drone x6  
  57  4:17  Queen  
  57  4:19  Spore Crawler  
  57  4:20  Spore Crawler  
  55  4:25  Drone x4  
  55  4:29  Spore Crawler  
  55  4:30  Drone x2  
  59  4:32  Drone  
  59  4:35  Drone x2  
  62  4:41  Lair  
  62  4:45  Extractor  
  62  4:46  Overlord, Extractor x2  
  62  4:48  Overlord  
  59  4:55  Overlord  
  59  4:58  Baneling Nest  
  57  5:07  Drone x10  
  57  5:08  Drone  
  57  5:12  Drone x2  
  70  5:16  Drone x3  
  73  5:23  Extractor x2  
  71  5:29  Zergling x6  
  71  5:33  Hatchery  
  73  5:40  Hydralisk Den, Drone  
  73  5:43  Evolution Chamber  
  73  5:44  Zergling x16  
  73  5:45  Zergling x2  
  73  5:49  Drone  
  82  5:53  Overlord  
  82  5:56  Overlord x2  
  81  6:00  Drone  
  79  6:21  Muscular Augments, Hydralisk x8  
  79  6:24  Zerg Missile Weapons Level 1  
  92  6:28  Drone  
  92  6:29  Drone x3  
  96  6:40  Hydralisk  
  96  6:41  Hydralisk x3  
  97  6:49  Hydralisk x3  
  89  6:56  Hydralisk x3  
  89  6:57  Hydralisk, Zergling x2  
  94  7:01  Zergling x2  
  94  7:02  Zergling x2  
  94  7:07  Queen  
  98  7:09  Drone  
  98  7:10  Drone  
  98  7:14  Centrifical Hooks  
  100  7:16  Baneling x2  
  100  7:17  Zergling x2  
  100  7:18  Drone x2  
  100  7:21  Drone x3  
  106  7:27  Drone x4  
  110  7:30  Overlord  
  110  7:35  Overlord  
  110  7:41  Queen  
  110  7:42  Overseer  
  112  7:45  Overlord  
  112  7:46  Overlord  
  112  7:49  Queen  
  112  7:50  Hydralisk x3  
  120  7:55  Zergling x8  
  124  7:59  Zergling x2  
  124  8:01  Zergling x4  
  124  8:04  Zergling x6  
  130  8:10  Zergling x4  
  130  8:12  Overlord x2  
  132  8:14  Baneling  
  132  8:15  Baneling x2  
  132  8:17  Zergling x2  
  133  8:20  Hydralisk x4  
  133  8:25  Hydralisk  
  133  8:26  Zergling x2  
  144  8:28  Overlord  
  144  8:32  Zergling x2  
  143  8:36  Hydralisk x2  
  144  8:41  Hydralisk x2  
  148  8:49  Hydralisk x8  
  148  8:54  Baneling x4, Overlord  
  164  8:57  Baneling x11  
  164  9:02  Zergling x8  
  168  9:03  Overlord  
  168  9:05  Extractor  
  166  9:10  Zergling x4  
  166  9:12  Overlord x3  
  166  9:24  Zergling x20  
  166  9:29  Baneling x4  
  166  9:30  Baneling x2  
  166  9:31  Overlord  
  176  9:33  Zergling x10  
  180  9:40  Zergling x10  
  180  9:43  Baneling x5  
  184  9:48  Baneling x16  
  184  9:49  Zergling x2  
  185  9:54  Zergling x8  
  185  9:58  Zergling x10  
Show
View Real Time Build Order
Export as new Build Order

PtitDrogo Protoss - Winner!

Build Orders: 1 Gate Expand, Oracle Opening, Phoenix Opening, Archon Immortal, Zealot Archon, Archon Drop 

Get SALT Encoding   

  12  0:00  Probe  
  13  0:13  Probe  
  14  0:19  Pylon  
  14  0:25  Probe  
  15  0:37  Probe (Chrono Boost)  
  15  0:38  Gateway  
  16  0:47  Assimilator  
  16  0:49  Probe (Chrono Boost)  
  17  0:52  Probe (Chrono Boost)  
  18  1:04  Probe  
  19  1:23  Nexus  
  19  1:26  Probe  
  19  1:33  Cybernetics Core  
  19  1:38  Probe (Chrono Boost)  
  20  1:41  Assimilator  
  21  1:50  Probe (Chrono Boost)  
  21  1:51  Pylon  
  22  1:54  Probe  
  22  2:06  Probe  
  23  2:09  Adept (Chrono Boost)  
  25  2:18  Probe  
  25  2:22  Stargate  
  26  2:26  Adept  
  28  2:35  Warp Gate, Probe x2 (Chrono Boost)  
  32  2:47  Probe x2 (Chrono Boost)  
  32  2:49  Probe  
  33  2:54  Probe  
  33  2:55  Adept  
  36  3:01  Probe  
  37  3:06  Probe  
  37  3:08  Oracle (Chrono Boost)  
  37  3:12  Pylon  
  41  3:13  Probe  
  41  3:18  Probe  
  43  3:25  Probe  
  44  3:28  Gateway  
  44  3:31  Probe  
  45  3:37  Assimilator, Probe  
  45  3:39  Assimilator  
  46  3:43  Phoenix (Chrono Boost), Probe  
  49  3:49  Probe, Pylon  
  49  3:55  Probe  
  51  3:59  Robotics Facility  
  51  4:01  Probe  
  52  4:18  Probe  
  52  4:19  Probe  
  52  4:22  Twilight Council  
  52  4:30  Probe  
  53  4:32  Probe  
  53  4:33  Gateway  
  53  4:35  Gateway  
  54  4:39  Pylon  
  54  4:42  Probe  
  54  4:44  Probe  
  56  4:47  Warp Prism (Chrono Boost)  
  58  4:56  Probe  
  58  4:59  Templar Archives, Pylon  
  59  5:02  Nexus  
  58  5:07  Probe  
  58  5:08  Probe  
  58  5:09  Pylon  
  60  5:15  Charge (Chrono Boost)  
  60  5:19  Probe, Observer  
  60  5:20  Forge, Probe  
  63  5:31  Probe  
  63  5:33  Probe  
  65  5:36  High Templar x2  
  65  5:37  High Templar x2  
  65  5:41  Archon x2  
  73  5:43  Immortal, Probe  
  73  5:49  Gateway  
  78  5:50  Gateway  
  78  5:51  Protoss Ground Weapons Level 1 (Chrono Boost)  
  78  5:56  Probe, Gateway  
  78  5:57  Probe  
  80  5:58  Gateway  
  80  6:09  Probe x2  
  82  6:20  Probe  
  82  6:22  Zealot x4  
  82  6:24  Immortal (Chrono Boost)  
  82  6:25  Probe  
  96  6:27  Probe  
  96  6:32  Probe  
  98  6:34  Assimilator  
  98  6:38  Assimilator  
  91  6:59  Probe  
  91  7:00  Probe  
  91  7:01  Probe  
  86  7:03  Immortal (Chrono Boost)  
  90  7:10  Pylon  
  90  7:11  Probe, Pylon  
  91  7:18  Sentry x2  
  91  7:19  Zealot x3  
  91  7:21  Pylon  
  91  7:22  Psionic Storm  
  101  7:24  Pylon x2  
  101  7:26  Protoss Ground Weapons Level 2 (Chrono Boost)  
  101  7:28  Probe  
  102  7:33  Immortal (Chrono Boost)  
  106  7:38  Pylon  
  106  7:41  Nexus  
  106  7:43  High Templar x3  
  112  7:47  High Templar  
  112  7:49  Zealot  
  112  7:50  Zealot x3  
  122  7:55  Pylon  
  122  7:57  Photon Cannon  
  122  8:02  Immortal  
  126  8:13  Zealot x4  
  126  8:16  High Templar x2  
  126  8:17  Zealot  
  140  8:20  Probe  
  140  8:25  Archon  
  140  8:26  Pylon  
  141  8:27  Pylon  
  141  8:31  Zealot  
  133  8:54  Probe  
  132  8:56  High Templar  
  132  8:57  Assimilator, Zealot x2, High Templar x3  
  132  8:58  Zealot x2  
  132  9:00  Photon Cannon  
  132  9:01  Archon x2  
  148  9:10  Photon Cannon  
  148  9:11  Immortal  
  148  9:12  Photon Cannon  
  152  9:18  Probe  
  152  9:19  Zealot x4  
  159  9:25  Probe  
  159  9:26  Probe x2  
  159  9:30  Probe  
  161  9:39  Fleet Beacon  
  159  9:46  High Templar x2  
  159  9:47  Zealot x6  
  175  9:53  Archon  
  173  10:13  Archon x2  
  141  10:15  Zealot x6  
  141  10:19  Zealot  
  141  10:20  Zealot  
Tags
 
Add a new tag
Caveats
  • Supply blocks, unpowered buildings, or Contaminate may cause inaccurate times.
  • Supply counts are checked every 10 seconds.